 Dungeon Crawl Stone Soup version 0.29.1-13-g9f3cf754e1 (webtiles) character file.

Game seed: 9193314959851625863

11638 nightchill the Severer (level 11, -2/93 HPs)
             Began as a Minotaur Fighter on Feb 3, 2023.
             Was an Elder of Hepliaklqana.
             Slain by a nine-headed hydra (3 damage)
             ... on level 1 of the Lair of Beasts.
             The game lasted 00:20:42 (11929 turns).

nightchill the Severer (Minotaur Fighter)          Turns: 11929, Time: 00:20:42

Health: -2/93      AC: 15    Str: 26    XL:     11   Next: 51%
Magic:  16/16      EV:  8    Int:  5    God:    Hepliaklqana [****..]
Gold:   443        SH:  4    Dex:  9    Spells: 10/10 levels left

rFire   . . .      SeeInvis .   a - +0 war axe
rCold   . . .      Faith    .   c - +0 buckler
rNeg    . . .      Spirit   .   J - +2 chain mail {Will+}
rPois   .          Reflect  .   (helmet restricted)
rElec   .          Harm     .   b - +0 cloak
rCorr   .          Rampage  .   o - +0 pair of gloves
Will    +....                   n - +1 pair of boots
Stlth   ..........              (no amulet)
HPRegen 0.25/turn               (no ring)
MPRegen 0.15/turn               (no ring)

@: studying Unarmed Combat
A: reduced essence, horns 2, retaliatory headbutt
a: Renounce Religion, Recall Ancestor, Ancestor Identity, Transference, Idealise


You were on level 1 of the Lair of Beasts.
You worshipped Hepliaklqana.
Hepliaklqana was greatly pleased with you.
You visited 3 branches of the dungeon, and saw 12 of its levels.

You collected 443 gold pieces.

Inventory:

Hand Weapons
 a - a +0 war axe (weapon)
 j - a +0 sling
 w - a +5 dire flail of freezing
 F - a +0 shortbow
Missiles
 L - 11 poisoned darts (quivered)
Armour
 b - a +0 cloak (worn)
 c - a +0 buckler (worn)
 n - a +1 pair of boots (worn)
 o - a +0 pair of gloves (worn)
 B - a +1 ring mail of fire resistance
 J - a +2 chain mail of willpower (worn)
Jewellery
 p - a ring of fire
 G - an amulet of faith
 I - a ring of flight
 M - the ring "Jowkaziu" {+Blink rF+ rC- Int+3}
   (You found it on level 9 of the Dungeon)

   [ring of protection from fire]

   Int:       It affects your intelligence (+3).
   rF:        It protects you from fire.
   rC:        It makes you vulnerable to cold.
   +Blink:    It lets you blink.
Wands
 d - a wand of flame (23)
 y - a wand of digging (9)
Scrolls
 f - 3 scrolls of enchant weapon {unknown}
 i - 5 scrolls of noise {unknown}
 k - 8 scrolls of teleportation
 l - 2 scrolls of magic mapping
 m - a scroll of amnesia {unknown}
 q - a scroll of enchant armour
 r - 2 scrolls of immolation {unknown}
 u - a scroll of vulnerability {unknown}
 v - 2 scrolls of blinking {unknown}
 A - a scroll of silence {unknown}
 C - 4 scrolls of torment {unknown}
 D - 2 scrolls of poison {unknown}
 K - 3 scrolls of butterflies {unknown}
Potions
 e - 2 potions of mutation
 g - 4 potions of curing
 h - 4 potions of lignification
 s - 3 potions of heal wounds
 t - a potion of experience
 z - a potion of berserk rage
 E - 2 potions of ambrosia
 H - a potion of attraction
 N - 3 potions of invisibility
 O - a potion of brilliance {unknown}


   Skills:
 + Level 11.8 Fighting
 * Level 15.8 Axes
 - Level 3.6 Armour
 - Level 3.6 Shields
 + Level 8.6 Invocations


You had 10 spell levels left.
You didn't know any spells.
Your spell library contained the following spells:

 Spells                   Type           Power      Damage    Failure   Level
 Foxfire                  Conj/Fire      0%         2x1d4     99%         1
 Sandblast                Erth           0%         2d4       99%         1
 Passwall                 Tmut/Erth      0%         N/A       100%        2
 Sublimation of Blood     Necr           0%         N/A       100%        2
 Conjure Flame            Conj/Fire      0%         6-21      100%        3
 Ignite Poison            Fire/Tmut/Pois 0%         N/A       100%        3
 Inner Flame              Hex/Fire       0%         N/A       100%        3
 Stone Arrow              Conj/Erth      0%         3d7       100%        3
 Flame Wave               Conj/Fire      0%         2d4       100%        4
 Hailstorm                Conj/Ice       0%         3d3       100%        4
 Ice Form                 Ice/Tmut       0%         N/A       100%        4
 Sticky Flame             Conj/Fire      0%         2d3       100%        4
 Alistair's Intoxication  Tmut/Pois      0%         N/A       100%        5
 Borgnjor's Vile Clutch   Necr/Erth      0%         N/A       100%        5
 Eringya's Noxious Bog    Tmut/Pois      0%         N/A       100%        6
 Simulacrum               Ice/Necr       0%         N/A       100%        6


Dungeon Overview and Level Annotations

Branches:
Dungeon (10/15)            Temple (1/1) D:5            Lair (1/5) D:9
    Orc (0/2) D:10

Altars:
Ashenzari
Cheibriados
Dithmenos
Elyvilon
Fedhas
Gozag
Hepliaklqana
Kikubaaqudgha
Makhleb
Nemelex Xobeh
Okawaru
Qazlal
Ru
Sif Muna
Trog
Uskayaw
Vehumet
Wu Jian
Xom
Yredelemnul
Zin
The Shining One

Shops:
D:1 **[   D:3 (   D:7 [[   D:9 ?

Annotations:
D:7 2 transporters, 1 runed translucent door, Crazy Yiuf; Kornephoros's ghost, novice MiFi
D:8 exclusion: downstairs
Lair:1 exclusion: oklob plant


Innate Abilities, Weirdness & Mutations

Your life essence is reduced to manifest your ancestor. (-10% HP)
You have a pair of horns on your head.
You reflexively headbutt those who attack you in melee.


Message History

The eight-headed hydra bites you but does no damage. x3
Aiming: Paralyse
Press: ? - help, Shift-Dir - straight line, f/p - eight-headed hydra
Aim: an eight-headed hydra (heavily wounded, lightly drained, chance to affect: 20%)
The eight-headed hydra resists with almost no effort.
The eight-headed hydra misses you. You furiously retaliate!
You headbutt the eight-headed hydra! The eight-headed hydra misses you.
The eight-headed hydra bites you but does no damage.
The eight-headed hydra bites you!
* * * LOW HITPOINT WARNING * * *
The eight-headed hydra barely misses you.
The eight-headed hydra bites you.
* * * LOW HITPOINT WARNING * * *
The eight-headed hydra closely misses you. x2
Aiming: Paralyse
Press: ? - help, Shift-Dir - straight line, f/p - eight-headed hydra
Aim: an eight-headed hydra (severely wounded, lightly drained, chance to affect: 20%)
The eight-headed hydra resists with almost no effort.
The now-empty wand crumbles to dust.
The eight-headed hydra bites you but does no damage. x2
The eight-headed hydra closely misses you.
The eight-headed hydra bites you but does no damage.
You block the eight-headed hydra's attack.
The eight-headed hydra bites you but does no damage.
The eight-headed hydra bites you.
* * * LOW HITPOINT WARNING * * *
The eight-headed hydra bites you but does no damage.
You barely miss the eight-headed hydra. You headbutt the eight-headed hydra.
The eight-headed hydra is severely wounded.
You hack one of the eight-headed hydra's heads off!
The seven-headed hydra grows two more!
You hit the nine-headed hydra.
The nine-headed hydra is severely wounded.
The nine-headed hydra bites you.
* * * LOW HITPOINT WARNING * * *
The nine-headed hydra bites you!
* * * LOW HITPOINT WARNING * * *
The nine-headed hydra bites you but does no damage.
The nine-headed hydra barely misses you.
The nine-headed hydra bites you.
You die...

###### ##
.##..######.######.########.##
.......(.......................
...............................
...............................
...............................
...............................
...............................
................@D.............
........................^......
######.######.##########.......
#.# #..## ....... #.## #...#
....... ##..## ##..# D......
#.#.P# ##..# .......
♣♣...♣##...# .......
#♣♣♣...♣P....# .......


You could see a nine-headed hydra (drained).

Vanquished Creatures
  A two-headed ogre (D:9)
  A black mamba (Lair:1)
  Joseph (D:7)
  Maggie (D:7)
  9 blink frogs (Lair:1)
  A hornet (D:7)
  8 yaks (Lair:1)
  2 fire bats (Lair:1)
  A wyvern (Lair:1)
  A basilisk (Lair:1)
  Edmund (D:7)
  2 orc warriors
  4 black bears
  An ice beast (D:5)
  4 sky beasts
  An ogre (D:6)
  5 centaurs
  5 bullfrogs
  A kobold brigand (D:8)
  A necrophage (D:6)
  A scorpion (D:7)
  14 wights
  9 killer bees
  2 vampire bats (D:3)
  2 electric eels (D:7)
  3 howler monkeys
  A jelly (D:6)
  An orc priest (D:7)
  4 hounds
  Jessica (D:2)
  3 iguanas
  6 orc wizards
  7 adders
  3 white imps (D:6)
  An ufetubus (D:5)
  2 worms
  3 dart slugs
  27 orcs
  6 ball pythons
  8 bats
  5 bat skeletons (D:3)
  3 endoplasms
  3 giant cockroaches
  12 goblins
  5 hobgoblins
  2 jackals (D:2)
  9 kobolds
  4 quokkas
  7 frilled lizards
  3 rats
  A spectral orc (D:7)
  A bush (D:5)
210 creatures vanquished.

Vanquished Creatures (collateral kills)
  A kobold demonologist (D:9)
  3 blink frogs (Lair:1)
  Sigmund (D:7)
  A wyvern (D:8)
  3 yaks (Lair:1)
  A fire bat (Lair:1)
  A black bear (D:6)
  A sky beast (D:7)
  2 ogres
  A kobold brigand (D:7)
  A bullfrog (Lair:1)
  A killer bee (D:9)
  A howler monkey (D:9)
  A hound (D:7)
  2 jellies
  An orc priest (D:7)
  2 iguanas (D:5)
  3 orc wizards (D:6)
  2 adders
  A shadow imp (D:5)
  4 orcs
  2 kobolds (D:8)
  A butterfly (Lair:1)
37 creatures vanquished.

Vanquished Creatures (others)
  5 hexers
  4 demonic plants (D:3)
  6 fungi
  18 plants
33 creatures vanquished.

Grand Total: 280 creatures vanquished

Notes
Turn   | Place    | Note
-------+----------+-------------------------------------------
     0 | D:1      | nightchill the Minotaur Fighter began the quest for the
                  | Orb.
     0 | D:1      | Reached XP level 1. HP: 19/19 MP: 0/0
    35 | D:1      | Found Aqostran's General Store.
   175 | D:1      | Reached skill level 3 in Axes
   288 | D:1      | Reached XP level 2. HP: 27/27 MP: 1/1
   609 | D:1      | Found Anabrov's Antique Armour Boutique.
   632 | D:1      | Reached XP level 3. HP: 33/33 MP: 2/2
   703 | D:1      | Found Bavviura's General Store.
  1046 | D:2      | Reached skill level 4 in Axes
  1814 | D:2      | Noticed Jessica
  1826 | D:2      | Killed Jessica
  1827 | D:2      | Reached XP level 4. HP: 41/41 MP: 3/3
  1839 | D:2      | Got Jessica's Directory of the Undead
  2222 | D:3      | Reached skill level 5 in Axes
  2304 | D:3      | Found an ornate altar of the Wu Jian Council.
  2375 | D:3      | Found a snail-covered altar of Cheibriados.
  2393 | D:3      | Found a faded altar of an unknown god.
  2444 | D:3      | Found Zidefej's Weapon Shop.
  2566 | D:3      | Found an ancient bone altar of Kikubaaqudgha.
  2576 | D:3      | Reached skill level 5 in Fighting
  2576 | D:3      | Reached XP level 5. HP: 48/48 MP: 4/4
  2577 | D:3      | Reached skill level 6 in Axes
  2857 | D:4      | Found a hazy altar of Hepliaklqana.
  2858 | D:4      | Found a shimmering altar of Xom.
  2859 | D:4      | Noticed a spectral ugly thing
  2859 | D:4      | Noticed a yak
  2864 | D:4      | Became a worshipper of Hepliaklqana the Forgotten
  2899 | D:4      | Noticed a black bear
  2909 | D:4      | Killed a black bear
  2910 | D:4      | Reached XP level 6. HP: 36/56 MP: 5/5
  3228 | D:4      | Found a large runed translucent door.
  3228 | D:4      | Found a large runed translucent door.
  3287 | D:4      | Reached skill level 7 in Axes
  3374 | D:4      | Found a radiant altar of Vehumet.
  3736 | D:4      | Reached * piety under Hepliaklqana
  3788 | D:4      | Found a shadowy altar of Dithmenos.
  3795 | D:4      | Found a glowing golden altar of the Shining One.
  3848 | D:5      | Entered Level 5 of the Dungeon
  3897 | D:5      | Reached skill level 1 in Invocations
  3897 | D:5      | Reached XP level 7. HP: 56/56 MP: 6/6
  4036 | D:5      | Reached skill level 8 in Axes
  4193 | D:5      | Identified the +3 leather armour of Sharp Salvation {Contam
                  | Harm rC+}
  4254 | D:5      | Found a blossoming altar of Fedhas.
  4289 | D:5      | Found a staircase to the Ecumenical Temple.
  4303 | Temple   | Entered the Ecumenical Temple
  4911 | D:5      | Reached skill level 9 in Axes
  4911 | D:5      | Reached XP level 8. HP: 62/65 MP: 9/9
  5154 | D:6      | Found an iron altar of Okawaru.
  5198 | D:6      | Found a bloodstained altar of Trog.
  5321 | D:6      | Reached ** piety under Hepliaklqana
  5322 | D:6      | Remembered your ancestor Jimmeh as a hexer
  5382 | D:6      | Reached skill level 10 in Axes
  5761 | D:6      | Found a burning altar of Makhleb.
  5825 | D:6      | Reached XP level 9. HP: 61/72 MP: 11/11
  5975 | D:6      | Reached skill level 11 in Axes
  6077 | D:6      | Found a shimmering blue altar of Sif Muna.
  6104 | D:7      | Found Toxoharo's Antique Armour Shop.
  6117 | D:6      | Reached skill level 5 in Invocations
  6411 | D:7      | Found a broken altar of Ashenzari.
  6539 | D:7      | Noticed Joseph
  6549 | D:7      | Killed Joseph
  6683 | D:7      | Found a sparkling altar of Nemelex Xobeh.
  6707 | D:7      | Found a sacrificial altar of Ru.
  6836 | D:7      | Reached skill level 12 in Axes
  7010 | D:7      | Found Bulat's Dragon-Slaying Spoils.
  7288 | D:7      | Found a basalt altar of Yredelemnul.
  7546 | D:7      | Found a transporter.
  7547 | D:7      | Found a transporter.
  7570 | D:7      | Noticed Kornephoros's ghost (novice MiFi)
  7579 | D:7      | Noticed a queen bee
  7612 | D:7      | Noticed Sigmund
  7618 | D:7      | Killed Sigmund
  7619 | D:7      | Reached XP level 10. HP: 82/82 MP: 13/13
  7631 | D:7      | Noticed Edmund
  7636 | D:7      | Killed Edmund
  7980 | D:7      | Found a runed translucent door.
  7981 | D:7      | Noticed Crazy Yiuf
  8011 | D:7      | Noticed Maggie
  8024 | D:7      | Killed Maggie
  8262 | D:8      | Reached skill level 13 in Axes
  8369 | D:8      | Found a stormy altar of Qazlal.
  8423 | D:8      | Reached skill level 10 in Fighting
  8607 | D:8      | Found a white marble altar of Elyvilon.
  8738 | D:8      | Found a hide-covered altar of Uskayaw.
  8862 | D:8      | Reached *** piety under Hepliaklqana
  9200 | D:9      | Noticed a two-headed ogre
  9242 | D:9      | Found a staircase to the Lair.
  9268 | D:9      | Killed a two-headed ogre
  9269 | D:9      | Reached skill level 14 in Axes
  9709 | D:9      | Found Aciqaics's Magic Scroll Shoppe.
  9750 | D:9      | Found an opulent altar of Gozag.
  9771 | D:9      | Identified the ring "Jowkaziu" {+Blink rF+ rC- Int+3}
 10129 | D:10     | Entered Level 10 of the Dungeon
 10139 | D:10     | Found a staircase to the Orcish Mines.
 10163 | Lair:1   | Entered Level 1 of the Lair of Beasts
 10175 | Lair:1   | Noticed a black mamba
 10183 | Lair:1   | Killed a black mamba
 10528 | Lair:1   | Reached XP level 11. HP: 90/91 MP: 15/15
 10635 | Lair:1   | Reached skill level 15 in Axes
 10786 | Lair:1   | Reached **** piety under Hepliaklqana
 11399 | Lair:1   | Noticed an oklob plant
 11909 | Lair:1   | Noticed a five-headed hydra
 11929 | Lair:1   | HP: 1/93 [nine-headed hydra (7)]
 11929 | Lair:1   | Slain by a nine-headed hydra

Illustrated notes

Levels and vault maps discovered:
D:1:      matt_arrival_los_fun, layout_basic, serial_shops, nicolae_shop_stone,
          nicolae_shop_trees, nicolae_shop_hallway_stairs, minmay_quantized
D:2:      layout_basic, serial_forest, infiniplex_forest_zigzag_2,
          infiniplex_forest_straight_2, infiniplex_forest_clump_cross,
          infiniplex_forest_corner_2, infiniplex_forest_fountain,
          infiniplex_forest_clump_tiny, kennysheep_jessica_study
D:3:      layout_rooms, mainiacjoe_overflow_catch_the_wave,
          kennysheep_vampire_church, serial_shops,
          nicolae_shop_bloodbath_and_beyond, shapermc_ecumenical_altar_gd
D:4:      layout_gridville, regret_index_temple_of_mockery,
          mainiacjoe_overflow_catwalk, jmf_multi_god_temple2,
          grunt_ministairs_11
D:5:      layout_gridville, fedhas_altar_2, minmay_temple_entry_glass,
          kb_lookout_dungeons_type
D:6:      layout_basic, mainiacjoe_overflow_surrounded_room, okawaru_gym_becter,
          nicolae_sif_muna_little_library, mainiacjoe_overflow_tiny_flanked,
          minmay_manual_mares
D:7:      cheibrodos_helix_gallery, layout_rooms, evilmike_ruin_ashenzari,
          yredelemnul_forgotten_temple_becter,
          nicolae_ru_great_annihilating_truth, mainiacjoe_overflow_chevrons,
          serial_shops, nicolae_stop_n_shop_2, gammafunk_ghost_hive,
          dreamdust_princess_bridge, nicolae_shop_dragon_depot,
          sigmund_edmund_badplayer, uniq_joseph, uniq_maggie,
          uniq_crazy_yiuf_cottage
D:8:      layout_basic, mainiacjoe_overflow_six_doors_small, old_standard_altar,
          old_standard_altar, item_on_display_a
D:9:      layout_long_grid, overflow_temple_1_default, lair_entry_dummy,
          serial_shops, shop_fountains
D:10:     wad_arrow_thing, layout_grid_maze, orc_0_dummy, uniq_harold
Temple:   ebering_the_one_and_only
Lair:1:   layout_big_grid, nicolae_volcano_entry_batcave, st_stairs_9,
          wad_woods_road_01, lemuel_fruit_fields, serial_bayou_shore_a

Skill      XL: |  1  2  3  4  5  6  7  8  9 10 11 |
---------------+----------------------------------+-----
Axes           | 3 4 5 6 7 9 10 12 14 15 | 15.8
Fighting       | 4 5 6 7 8 9 11 | 11.8
Invocations    | 1 3 4 6 7 8 |  8.6
Armour         | |  3.6
Shields        | |  3.6

Action                   |  1- 3 |  4- 6 |  7- 9 | 10-12 || total
-------------------------+-------+-------+-------+-------++-------
Melee: War axe           |    77 |    85 |   199 |   222 ||   583
       Headbutt          |    10 |    13 |    38 |    44 ||   105
Invok: Ancestor Identity |       |     2 |       |       ||     2
       Recall Ancestor   |       |       |     3 |     4 ||     7
       Ancestor Life: He |       |       |     1 |       ||     1
Evoke: Wand              |       |       |     1 |     5 ||     6
  Use: Scroll            |       |     3 |     4 |     4 ||    11
       Potion            |       |     1 |     2 |     1 ||     4
 Stab: Distracted        |       |     1 |       |     1 ||     2
       Confused          |       |       |     5 |     8 ||    13
       Invisible         |       |       |     1 |       ||     1
       Paralysed         |       |       |     1 |       ||     1
Armor: Scale mail        |    36 |    31 |       |       ||    67
       Ring mail         |       |    14 |    83 |     1 ||    98
       Chain mail        |       |       |       |    92 ||    92
       Skin              |       |       |       |     8 ||     8
Dodge: Dodged            |    32 |    57 |    76 |    70 ||   235
Block: Buckler           |    12 |    29 |    43 |    31 ||   115
